AoeStats
← javidiazm95

Arabia

503387695Analyzed
1v1 RM · 1mo ago on Aug 31, 2026· 69m 49s· 2 players
Game mode
Random Map
Map size
Tiny (2 player)
Population
200
Speed
Normal
Resources
Standard
Victory
Conquest
Starting age
Dark Age
Ending age
Imperial Age
RankedLock teamsTeams togetherTeam positionsShared explorationLock speedFull tech treeHidden civsTurbo modeCheats
Victory
Defeat
🇨🇭 Burgundians · Switzerland
564
+16
🇪🇸 Huns · Spain
560
-16
javidiazm95
0:36 Loom
11:09 Feudal Age
16:45 Double-Bit Axe
19:19 Horse Collar
22:54 Castle Age
25:31 Wheelbarrow
24:34 Pikeman
25:31 Husbandry
26:42 Stone Mining
26:43 Gold Mining
26:56 Heavy Plow
29:50 Hand Cart
31:48 Ballistics
31:58 Bloodlines
31:57 Scale Barding Armor
38:41 Marauders
41:45 Chain Barding Armor
53:02 Bow Saw
53:29 Gold Shaft Mining
62:23 Imperial Age
65:03 Capped Ram
66:18 Atheism
69:08 Halberdier
simonxmoser
10:18 Feudal Age
8:44 Double-Bit Axe
11:37 Wheelbarrow
11:00 Horse Collar
12:23 Scale Barding Armor
21:02 Castle Age
19:45 Forging
20:04 Bow Saw
21:46 Light Cavalry
22:47 Chain Barding Armor
22:55 Husbandry
23:13 Heavy Plow
25:01 Iron Casting
24:52 Gold Mining
26:06 Fletching
26:54 Stone Mining
30:38 Stone Shaft Mining
32:52 Treadmill Crane
33:51 Bodkin Arrow
40:49 Imperial Age
37:44 Cavalier
39:11 Gold Shaft Mining
40:08 Murder Holes
42:28 Two-Man Saw
41:41 Hussar
44:17 Chemistry
46:17 Plate Barding Armor
52:18 Guilds
52:36 Conscription
52:43 Elite Coustillier
55:12 Blast Furnace
Connection lost

Rejoining the realm…

Still unreachable

The connection could not be restored.

Session expired

The server has moved on; the page needs a fresh start.